 Dungeon Crawl Stone Soup version 0.30-a0-718-geaa24f58ff (webtiles) character file.

Game seed: 5902813108065765030

280 kae the Changer (level 6, 0/43 HPs)
             Began as a Demonspawn Transmuter on Jan 25, 2023.
             Slain by a wight
             ... wielding a +1 battleaxe
              (16 damage)
             ... on level 3 of the Dungeon.
             The game lasted 00:02:11 (1730 turns).

kae the Changer (Demonspawn Transmuter)             Turns: 1730, Time: 00:02:12

Health: 0/43       AC:  2    Str: 10    XL:     6   Next: 5%
Magic:  11/11      EV: 19    Int: 17    God:
Gold:   172        SH:  0    Dex: 18    Spells: 5/11 levels left

rFire   . . .      SeeInvis .      - Unarmed
rCold   . . .      Faith    .    (shield currently unavailable)
rNeg    . . .      Spirit   .    (body armour currently unavailable)
rPois   x          Reflect  .    (helmet currently unavailable)
rElec   .          Harm     .    (cloak currently unavailable)
rCorr   .          Rampage  .    (gloves currently unavailable)
Will    .....                    (boots currently unavailable)
Stlth   ++                       (no amulet)
HPRegen 0.27/turn                (no ring)
MPRegen 0.24/turn                (no ring)

@: spider-form (expiring), weak-willed
A: venomous fangs, tiny, (claws 1), magic regeneration, demonic magic 1
a: End Transformation


You were on level 3 of the Dungeon.
You were a venomous arachnid creature.
You visited 1 branch of the dungeon, and saw 3 of its levels.

You collected 172 gold pieces.


Innate Abilities, Weirdness & Mutations

You are a venomous arachnid creature.
You have venomous fangs.
You are tiny and dextrous.
Your spellcasting is less reliable in this form.
Your armour is entirely melded.
You are incapable of wielding weapons or throwing items.
((You have sharp fingernails.))
You regenerate magic rapidly.
Spells you cast may paralyse adjacent enemies.


   Skills:
 - Level 1.0 Fighting
 - Level 1.7 Dodging
 + Level 3.8 Unarmed Combat
 + Level 3.3 Spellcasting
 * Level 4.3 Transmutations


You had 5 spell levels left.
You knew the following spells:

 Your Spells              Type           Power      Damage    Failure   Level
a - Beastly Appendage     Tmut           34%        N/A       11%         1
b - Wereblood             Tmut           17%        N/A       13%         2
c - Spider Form           Tmut/Pois      10%        N/A       43%         3

Your spell library contained the following spells:

 Spells                   Type           Power      Damage    Failure   Level
 Cigotuvi's Dreadful Rot  Necr/Pois/Air  4%         N/A       47%         2
 Lesser Beckoning         Tloc           4%         N/A       47%         2
 Gell's Gravitas          Tloc           2%         N/A       67%         3
 Teleport Other           Tloc           2%         N/A       67%         3
 Ice Form                 Ice/Tmut       10%        N/A       77%         4
 Dispel Undead            Necr           2%         3d7       95%         4
 Death Channel            Necr           1%         N/A       100%        6

Inventory:

Missiles
 i - 34 stones
 j - 6 boomerangs
Armour
 a - a +0 robe (melded)
Magical Staves
 k - a staff of cold {!a}
   (You found it on level 2 of the Dungeon)
Scrolls
 g - 2 scrolls of enchant weapon
 m - 3 scrolls of identify {unknown}
Potions
 b - a potion of lignification {!q}
 c - 4 potions of attraction {!q}
 d - 4 potions of flight {unknown}
 e - a potion of might {unknown}
 f - a potion of resistance {unknown}
 n - 3 potions of curing {@q1}

Dungeon Overview and Level Annotations

Branches:
Dungeon (3/15) Zot: 16279

Altars:

....##. # ..... ##'#
#...# .....##...
........######
.............#
...#.##...g..#
#....#z...#
####...s..### ######
#.#).....# #.....
####.....#######.....
#.....##....+.....
#.....##.#.##.....
#....)##.#........
######......###)..
#...##)###...
#...##.##...#


You could see a wight (inner flame, weak-willed) and a hobgoblin (inner flame,
weak-willed).


Message History

A kobold is nearby!
Casting: Wereblood (safe; 4% risk of failure)
Confirm with . or Enter, or press ? or * to list all spells.
You grow a pair of large bovine horns.
Your feet morph into talons.
Malevolent energies surge around you.
The kobold throws a stone.
The stone closely misses you. 😕 MP[-1]
You lost 1 mp, and now have 10/11 mp.
You see here 16 gold pieces.
The kobold closely misses you. 😕 HP[+1] MP[+1]
Your mp is fully restored (11).
A kobold is nearby!
You claw the kobold!
You kill the kobold!
No target in view!
You now have 172 gold pieces (gained 16).
i - 34 stones (gained 7)
Things that are here:
a +0 whip; a kobold corpse A wight comes into view.
It is wielding a +1 battleaxe.
The wight moves out of view. 😎 HP[+4]
Your hp is fully restored (43).
No target in view!
No target in view!
A hobgoblin comes into view.
The hobgoblin shouts!
The hobgoblin moves out of view.
A wight is nearby!
Unknown command.
A wight is nearby!
A wight is nearby!
Casting: Beastly Appendage (safe; 3% risk of failure)
Confirm with . or Enter, or press ? or * to list all spells.
The spell is quite dangerous to miscast (22% risk of failure)!
Continue anyway? [Y]es or [N]o only, please.
The spell is quite dangerous to miscast (22% risk of failure)!
Continue anyway?
Your horns disappear.
Your talons disappear.
You turn into a venomous arachnid creature.
Your +0 robe melds into your body.
Malevolent energies surge around you. 😎 MP[-3]
You lost 3 mp, and now have 8/11 mp.
Found a stone staircase leading up.
You hit the wight but do no damage. The wight misses you.
Unknown command.
You hit the wight but do no damage.
The wight barely misses you. 😎 MP[+1] Unknown command.
You hit the wight but do no damage.
The hobgoblin hits you but does no damage.
The wight misses you.
You hit the wight. The wight closely misses you.
The hobgoblin hits you. 😕 HP[-3]
You take 3 damage, and now have 40/43 hp.
Unknown command.
You hit the wight but do no damage. The wight misses you.
The hobgoblin hits you. 😕 HP[-5]
You take 5 damage, and now have 35/43 hp.
Unknown command.
You barely miss the wight.
The wight hits you with a +1 battleaxe!!
* * * LOW HITPOINT WARNING * * *
The hobgoblin barely misses you. 😨 HP[-18] MP[+1]
You take 18 damage, and now have 17/43 hp.
MASSIVE DAMAGE!! (PAUSE)
You hit the wight. The wight closely misses you. The hobgoblin hits you.
* * * LOW HITPOINT WARNING * * *
😨 HP[-3]
You take 3 damage, and now have 14/43 hp.
You completely miss the wight. The hobgoblin closely misses you.
The wight closely misses you.
Unknown command.
The hobgoblin attacks as you move away! The hobgoblin misses you.
Your transformation is almost over.
Unknown command.
Unknown command. 😨 HP[+1] MP[+1]
Your mp is fully restored (11).
As you read the scroll labelled CYNUIW GERITS, it crumbles to dust.
The creatures around you are filled with an inner flame!
It was a scroll of immolation.
The wight misses you.
Unknown command.
As you read the scroll labelled DOEWIPLOITU, it crumbles to dust.
It is a scroll of enchant weapon.
You aren't carrying any weapons that can be enchanted.
The wight closely misses you.
Okay, then.
As you read the scroll labelled KUBYFA LAEJ, it crumbles to dust.
You assume a fearsome visage.
The hobgoblin looks frightened!
The wight is unaffected.
It was a scroll of fear.
The wight completely misses you.
Unknown command.
As you read the scroll labelled LOPITUIBALL, it crumbles to dust.
Your attack snaps the hobgoblin out of its fear.
Magic quickly surges around you.
It was a scroll of vulnerability.
The wight hits you with a +1 battleaxe!
You die...

Skill      XL: |  1  2  3  4  5 |
---------------+----------------+-----
Transmutations | 2 3 4 |  4.3
Unarmed Combat | 3 |  3.8
Spellcasting   | 3 |  3.3
Fighting       | |  1.0
Dodging        | |  1.7

Action                     |  1- 3 |  4- 6 || total
---------------------------+-------+-------++-------
  Melee: Unarmed           |   140 |    32 ||   172
         Kick              |    26 |     1 ||    27
         Headbutt          |    11 |     1 ||    12
         Punch             |     1 |       ||     1
   Cast: Beastly Appendage |    30 |     2 ||    32
         Wereblood         |       |     1 ||     1
         Spider Form       |       |     1 ||     1
    Use: Scroll            |     1 |     4 ||     5
         Potion            |       |     3 ||     3
   Stab: Paralysed         |     4 |       ||     4
 Armour: Robe              |    23 |     1 ||    24
         Skin              |       |     9 ||     9
  Dodge: Dodged            |    61 |    22 ||    83

Levels and vault maps discovered:
D:1:      minmay_arrival_checkered_box, layout_loops_ring, grunt_decor_fettered
D:2:      layout_basic
D:3:      layout_basic

Notes
Turn   | Place    | Note
-------+----------+-------------------------------------------
     0 | D:1      | kae the Demonspawn Transmuter began the quest for the Orb.
     0 | D:1      | Reached XP level 1. HP: 15/15 MP: 3/3
     0 | D:1      | magus.rc [v1.11.3]
    31 | D:1      | You pick up a book of Decay and begin reading...
    31 | D:1      | You add the spells Cigotuvi's Dreadful Rot, Dispel Undead
                  | and Death Channel to your library.
   118 | D:1      | Reached skill level 2 in Transmutations
   276 | D:1      | Gained mutation: Spells you cast may paralyse adjacent
                  | enemies. [demonic ancestry]
   276 | D:1      | Reached XP level 2. HP: 13/21 MP: 3/5
   602 | D:1      | Reached skill level 3 in Unarmed Combat
   642 | D:1      | You feel monstrous as your demonic heritage exerts itself.
   642 | D:1      | Discovered your monstrous ancestry.
   642 | D:1      | Gained mutation: You have sharp fingernails. [demonic
                  | ancestry]
   642 | D:1      | Reached XP level 3. HP: 20/26 MP: 4/6
   645 | D:1      | Learned a level 2 spell: Wereblood
   649 | D:1      | Learned a level 3 spell: Spider Form
  1353 | D:3      | Reached skill level 3 in Transmutations
  1445 | D:3      | You pick up a book of Displacement and begin reading...
  1445 | D:3      | You add the spells Lesser Beckoning, Gell's Gravitas and
                  | Teleport Other to your library.
  1536 | D:3      | Reached XP level 4. HP: 27/32 MP: 5/7
  1631 | D:3      | Reached skill level 3 in Spellcasting
  1631 | D:3      | Reached XP level 5. HP: 31/37 MP: 6/9
  1633 | D:3      | Reached skill level 4 in Transmutations
  1640 | D:3      | Gained mutation: You regenerate magic rapidly. [demonic
                  | ancestry]
  1640 | D:3      | Reached XP level 6. HP: 39/43 MP: 7/11
  1730 | D:3      | Slain by a wight

Vanquished Creatures
  4 wights (D:3)
  A worm (D:3)
  A dart slug (D:1)
  An orc (D:3)
  7 ball pythons
  4 endoplasms
  4 giant cockroaches
  6 goblins
  8 hobgoblins
  2 jackals (D:1)
  A quokka (D:3)
  4 bats
  6 frilled lizards
  12 kobolds
  5 rats
66 creatures vanquished.

Table legend:
 A = Non-vault XP
 B = Vault XP
 C = Vault XP percentage of total XP
 D = Non-vault monster count
 E = Vault monster count
 F = Vault count percentage of total count
                 A         B        C        D         E       F
            +---------+---------+-------+---------+---------+-------
      Total |     401 |       0 |   0.0 |      66 |       0 |   0.0
            +---------+---------+-------+---------+---------+-------
        D:1 |      54 |       0 |   0.0 |      31 |       0 |   0.0
        D:2 |      23 |       0 |   0.0 |      16 |       0 |   0.0
        D:3 |     324 |       0 |   0.0 |      19 |       0 |   0.0
            +---------+---------+-------+---------+---------+-------

Illustrated notes

Table legend:
 A = Kills in this place as a percentage of kills in entire the game.
 B = Kills by you in this place as a percentage of kills by you in the entire game.
 C = Kills by friends in this place as a percentage of kills by friends in the entire game.
 D = Other kills in this place as a percentage of other kills in the entire game.
 E = Experience gained in this place as a percentage of experience gained in the entire game.
 F = Experience gained in this place divided by the number of levels of this place that you have seen.
                   A       B       C       D       E      F
               +-------+-------+-------+-------+-------+----------------------
         Total | 100.0 | 100.0 |   N/A |   N/A | 100.0 | 133.7
       Dungeon | 100.0 | 100.0 |   N/A |   N/A | 100.0 | 133.7
               +-------+-------+-------+-------+-------+----------------------

Table legend: (Time is in decaauts)
 A = Elapsed time spent in this place.
 B = Non-inter-level travel time spent in this place.
 C = Inter-level travel time spent in this place.
 D = Time resting spent in this place.
 E = Time spent auto-exploring this place.
 F = Levels seen in this place.
 G = Mean time per level.
                   A        B        C        D        E       F      G
               +--------+--------+--------+--------+--------+-----+--------+
         Total |   1719 |   1698 |     21 |      0 |   1260 |   3 |  573.0 |
       Dungeon |   1719 |   1698 |     21 |      0 |   1260 |   3 |  573.0 |
               +--------+--------+--------+--------+--------+-----+--------+

Top non-repeatable levels by time:
     D:1: 934 daAuts
     D:2: 400 daAuts
     D:3: 385 daAuts
